AoeStats
← ivcrk826

Arabia

505640568Analyzed
1v1 RM · 22d ago on Sep 10, 2026· 42m 26s· 2 players
Game mode
Random Map
Map size
Tiny (2 player)
Population
200
Speed
Normal
Resources
Standard
Victory
Conquest
Starting age
Dark Age
Ending age
Imperial Age
RankedLock teamsTeams togetherTeam positionsShared explorationLock speedFull tech treeHidden civsTurbo modeCheats
Victory
Defeat
🇨🇳 Persians · China
1179
+16
🇦🇷 Khitans · Argentina
1172
-16
ivcrk826
6:12 Loom
9:21 Feudal Age
10:21 Double-Bit Axe
17:23 Forging
22:28 Castle Age
21:00 Scale Barding Armor
22:34 Light Cavalry
26:06 Iron Casting
32:24 Husbandry
34:45 Chain Barding Armor
39:33 Scale Mail Armor
不熬夜选手
6:19 Loom
9:24 Feudal Age
9:58 Double-Bit Axe
10:47 Town Watch
11:18 Horse Collar
16:21 Wheelbarrow
20:38 Castle Age
18:51 Gold Mining
19:56 Fletching
20:37 Bloodlines
20:32 Crossbowman
21:18 Bodkin Arrow
21:52 Bow Saw
21:44 Heavy Plow
23:03 Scale Barding Armor
23:37 Husbandry
23:56 Padded Archer Armor
26:44 Gold Shaft Mining
26:48 Chain Barding Armor
29:16 Hand Cart
29:48 Stone Mining
32:26 Forging
35:15 Imperial Age
33:16 Ballistics
33:07 Thumb Ring
35:22 Iron Casting
35:36 Cavalier
36:53 Plate Barding Armor
39:03 Blast Furnace
38:44 Conscription
39:49 Two-Man Saw
38:22 Savar
40:02 Kamandaran
40:21 Leather Archer Armor
41:12 Chemistry
40:37 Town Patrol
41:34 Guilds
Connection lost

Rejoining the realm…

Still unreachable

The connection could not be restored.

Session expired

The server has moved on; the page needs a fresh start.